 Dungeon Crawl Stone Soup version bcrawl-1.34.3 (webtiles) character file.

Game seed: 12621476045072724852

344239 KristoblXynda the Covert (level 12, 0/81 HPs)
             Began as a Kobold Gladiator on Oct 18, 2021.
             Was a Believer of Ashenzari.
             Succumbed to an ogre mage's poison arrow
             ... on level 11 of the Dungeon.
             The game lasted 00:22:02 (13177 turns).

KristoblXynda the Covert (Kobold Gladiator)        Turns: 13177, Time: 00:22:02

Health: 0/81       AC: 13    Str: 29    XL:     12   Next: 49%
Magic:  27/27      EV: 24    Int:  9    God:    Ashenzari [**....]
Gold:   226        SH:  9    Dex: 18    Spells: 8/11 levels left

rFire    . . .     SeeInvis +   f - +6 dagger (curse)
rCold    + + .     Gourm    .   N - +1 buckler
rNeg     . . .     Faith    .   Q - +0 ring mail of Hopscotch {rC++ MP+9 Str+6} (curse)
rPois    .         Spirit   .   c - +0 helmet
rElec    .         Reflect  .   z - +0 cloak (curse)
rCorr    .         Harm     .   r - +0 pair of gloves
MR       .....                  A - +2 pair of boots {run} (curse)
Stlth    +++++.....             (no amulet)
HPRegen  0.23/turn              J - ring of the Robin {+Fly Str+2}
MPRegen  0.20/turn              H - ring of see invisible

@: mighty, lethally poisoned (0 -> -10), quick
A: small, talons 1, carnivore, mutation resistance 1, sense surroundings 2
a: Curse Item, Scrying, Renounce Religion, Evoke Flight


You were on level 11 of the Dungeon.
You worshipped Ashenzari.
Ashenzari was pleased with you.
You were hungry.

You visited 2 branches of the dungeon, and saw 12 of its levels.

You collected 709 gold pieces.
You spent 483 gold pieces at shops.

Inventory:

Hand Weapons
 f - a cursed +6 dagger (weapon)
 G - a +2 dagger of flaming
 M - a +4 short sword of protection
Missiles
 d - 2 throwing nets (quivered) {=f}
Armour
 c - a +0 helmet (worn)
 n - a scarf of clouds
 r - a +0 pair of gloves (worn)
 z - a cursed +0 cloak (worn)
 A - a cursed +2 pair of boots of running (worn)
 N - a +1 buckler (worn)
 Q - the cursed +0 ring mail of Hopscotch (worn) {rC++ MP+9 Str+6}
   (You bought it in a shop on level 4 of the Dungeon)

   It affects your strength (+6).
   It greatly protects you from cold.
   It affects your magic capacity (+9).
   It has a curse placed upon it.
Jewellery
 H - a ring of see invisible (right hand)
 J - the ring of the Robin (left hand) {+Fly Str+2}
   (You found it on level 8 of the Dungeon)

   [ring of flight]

   It affects your strength (+2).
   It lets you fly.
Wands
 s - a wand of clouds (5)
 u - a wand of acid (1)
 I - a wand of scattershot (4)
 K - a wand of digging (9)
Scrolls
 g - 3 scrolls of fog
 h - 10 scrolls of remove curse
 j - 3 scrolls of teleportation
 t - a scroll of magic mapping
 B - 3 scrolls of enchant weapon
Potions
 a - a potion of magic {unknown}
 b - 2 potions of cancellation
 k - a potion of flight
 l - 6 potions of curing
 m - 2 potions of agility
 o - a potion of lignification
 p - a potion of ambrosia
 q - 3 potions of haste
 y - a potion of brilliance
 D - a potion of invisibility
 E - a potion of resistance
 F - 2 potions of might
 L - 3 potions of heal wounds
Miscellaneous
 O - a lamp of fire (inert)
Comestibles
 e - 20 rations {!d}


   Skills:
 - Level 7.1 Fighting
 + Level 12.1(15.4) Short Blades
 - Level 2.6 Throwing
 - Level 4.3(6.9) Armour
 + Level 11.2(13.4) Dodging
 + Level 12.3 Stealth
 - Level 6.0 Shields
 + Level 1.9 Hexes
 + Level 8.2 Evocations


You had 8 spell levels left.
You knew the following spells:

 Your Spells              Type           Power        Failure   Level  Hunger
a - Confuse               Hex            #.......     86%         3    #####..

Your spell library contained the following spells:

 Spells                   Type           Power        Failure   Level  Hunger
 Corona                   Hex            #......      50%         1    None
 Throw Frost              Conj/Ice       #.....       56%         2    ####...
 Freeze                   Ice            #.....       77%         1    None
 Ensorcelled Hibernation  Hex/Ice        #.....       78%         2    ####...
 Tukima's Dance           Hex            #.......     86%         3    #####..
 Dazzling Orbs            Conj/Hex       #......      95%         3    #####..
 Ozocubu's Armour         Chrm/Ice       #.......     98%         3    #####..
 Cause Fear               Hex            #.........   99%         4    ######.
 Ice Form                 Ice/Tmut       #.......     100%        4    ######.
 Summon Ice Beast         Ice/Summ       #.......     100%        4    ######.
 Throw Icicle             Conj/Ice       #.......     100%        4    ######.


Dungeon Overview and Level Annotations

Branches:
Dungeon (11/12)            Temple (1/1) D:7            Lair (0/6) D:9
    Orc (0/1) D:8          Vaults (0/3) D:11

Altars:
Ashenzari
Cheibriados
Dithmenos
Elyvilon
Fedhas
Gozag
Hepliaklqana
Kikubaaqudgha
Lugonu
Makhleb
Nemelex Xobeh
Okawaru
Qazlal
Ru
Sif Muna
Trog
Uskayaw
Vehumet
Wu Jian
Xom
Yredelemnul
Zin
The Shining One

Shops:
D:4 [   D:5 *   D:8 !   D:9 (

Annotations:
D:9 3 runed translucent doors, Maksi666's ghost, journeyman MiBe
D:11 1 transporter, Morbidden's ghost, journeyman FrAc


Innate Abilities, Weirdness & Mutations

You are small and have problems with some larger weapons.
You have sharp toenails.
You are carnivorous and can eat meat at any time.
You are somewhat resistant to further mutation.
You passively map the area around you.


Message History

You kill the catoblepas!
You puncture the vampire mosquito!
The vampire mosquito is moderately damaged.
The vampire mosquito bites you but does no damage.
You puncture the vampire mosquito!
The vampire mosquito is severely damaged.
The vampire mosquito bites you but does no damage.
You closely miss the vampire mosquito.
The vampire mosquito is severely damaged.
The black bear is no longer petrified.
The vampire mosquito misses you.
You closely miss the vampire mosquito.
The vampire mosquito is severely damaged.
The vampire mosquito misses you.
The ogre mage points at you and mumbles some strange words.
You are poisoned.
The poison arrow hits you!!
* * * LOW HITPOINT WARNING * * *
You puncture the vampire mosquito!
You destroy the vampire mosquito!
You die...

# ** * *
>......#.#..##))##.. #
,.................))..... #
* *######Z......))....#...#
..*. ,
.$..©#..§..#.###).######
..#. ,
....#..§......##.#*,, *
..#..# ,* #..#..§##!....###
{, ..#..#8
#8#.y#..§#.......# , ..#...
,...yW#..§#...z...# , ,
.©#W..,,©...yW#©@§#.......#
, ..#. ,,
...py#...##.....## , ,
..#..* #8#Zy#.##z##...## *,
, ..#..* *,
*#.Z#.#Zz###'###### *
#.#.y,,
,....#O#Y#h[........h
.?#...
,.....#..Z§........... ,,
..#### *
######...............
#..z=.
.......§..###'####### *
..z# , .....§.#.# ...#* *


You could see an ogre mage, a freezing wraith, a spectral centaur warrior, a
necromancer, a black bear, 5 vampire mosquitoes, 2 wights, Morbidden's ghost, a
centaur warrior simulacrum and a centaur warrior skeleton.

Vanquished Creatures
  A hydra (D:10)
  4 two-headed ogres
  A catoblepas (D:11)
  A dancing weapon (D:10)
  A manticore (D:11)
  3 centaur zombies
  A gargoyle (D:9)
  A tengu conjurer (D:8)
  2 trolls
  Prince Ribbit (D:8)
  4 hippogriffs
  A spriggan (D:7)
  5 yaks (D:9)
  2 vampire mosquitoes (D:11)
  3 hungry ghosts
  A water moccasin (D:8)
  A crocodile (D:10)
  3 orc warriors
  An ice beast (D:6)
  A sky beast (D:6)
  2 necrophages (D:11)
  A black bear (D:6)
  2 phantoms
  2 wolves (D:9)
  3 ogres
  4 centaurs (D:11)
  6 bullfrogs
  3 big kobolds
  A wyvern zombie (D:9)
  2 water moccasin zombies
  5 scorpions
  11 wights
  An electric eel (D:9)
  10 orc priests
  5 jellies
  6 crimson imps
  A bullfrog zombie (D:7)
  A quasit (D:10)
  9 hounds
  A bullfrog skeleton (D:8)
  2 centaur skeletons
  11 orc wizards
  2 iguanas
  13 worker ants
  A mummy (D:11)
  12 adders
  4 gnolls (D:8)
  4 shadow imps
  9 oozes
  An adder skeleton (D:3)
  3 worms (D:3)
  5 leopard geckos
  34 orcs
  8 giant cockroaches
  8 goblins
  9 hobgoblins
  5 jackals
  3 quokkas
  3 ball pythons
  3 bats
  3 frilled lizards
  27 kobolds
  3 rats
287 creatures vanquished.

Vanquished Creatures (others)
  An adder (D:6)
  2 fungi (D:2)
  9 toadstools (D:2)
  A withered plant (D:11)
13 creatures vanquished.

Grand Total: 300 creatures vanquished

Notes
Turn   | Place    | Note
-------+----------+-------------------------------------------
     0 | D:1      | KristoblXynda the Kobold Gladiator began the quest for the
                  | Orb.
     0 | D:1      | Reached XP level 1. HP: 16/16 MP: 1/1
   146 | D:1      | Reached skill level 1 in Stealth
   146 | D:1      | Reached XP level 2. HP: 19/21 MP: 2/2
   300 | D:1      | Reached XP level 3. HP: 25/26 MP: 3/3
  1181 | D:2      | Reached XP level 4. HP: 32/33 MP: 4/4
  1265 | D:2      | Found a basalt altar of Yredelemnul.
  1312 | D:2      | Found a faded altar of an unknown god.
  1630 | D:2      | Reached skill level 5 in Short Blades
  1630 | D:2      | Reached XP level 5. HP: 30/37 MP: 5/5
  1822 | D:2      | Reached XP level 6. HP: 33/44 MP: 6/6
  2606 | D:3      | Reached skill level 5 in Dodging
  3267 | D:4      | Noticed a phantom
  3300 | D:4      | Killed a phantom
  3301 | D:4      | Reached XP level 7. HP: 37/49 MP: 7/7
  3389 | D:4      | Reached skill level 5 in Fighting
  3452 | D:4      | Found a blossoming altar of Fedhas.
  3457 | D:4      | Reached skill level 5 in Stealth
  3674 | D:4      | Found Dikh's Antique Armour Emporium.
  3687 | D:4      | Bought a pair of runed boots for 165 gold pieces
  3692 | D:4      | Identified a +2 pair of boots of running (You bought it in
                  | a shop on level 4 of the Dungeon)
  4094 | D:5      | Entered Level 5 of the Dungeon
  4143 | D:5      | Found Natteuza's General Store.
  4399 | D:5      | Reached XP level 8. HP: 39/56 MP: 8/8
  5533 | D:6      | Reached skill level 1 in Armour
  5738 | D:6      | Reached XP level 9. HP: 28/63 MP: 9/9
  6797 | D:7      | Found an opulent altar of Gozag.
  6947 | D:8      | Found a staircase to the Orcish Mines.
  6950 | D:8      | Noticed a hippogriff
  6984 | D:8      | Killed a hippogriff
  6985 | D:8      | Reached skill level 1 in Evocations
  7216 | D:8      | Reached XP level 10. HP: 46/71 MP: 11/11
  7763 | D:8      | Got a faintly glowing amber ring
  7829 | D:8      | Noticed Prince Ribbit
  7833 | D:8      | Reached skill level 1 in Shields
  7838 | D:8      | Killed Prince Ribbit
  7946 | D:8      | Found Feujeups's Distillery.
  7949 | D:8      | Bought a potion of curing for 30 gold pieces
  7949 | D:8      | Bought a potion of heal wounds for 60 gold pieces
  7949 | D:8      | Bought a potion of curing for 30 gold pieces
  8064 | D:7      | Found a staircase to the Ecumenical Temple.
  8094 | Temple   | Entered the Ecumenical Temple
  8308 | Temple   | Became a worshipper of Ashenzari the Shackled
  8308 | Temple   | Identified the ring of the Robin {+Fly Str+2} (You found it
                  | on level 8 of the Dungeon)
  8309 | Temple   | Found the cursed amulet of Vision {SInv *Curse}
  8497 | D:7      | Reached skill level 10 in Short Blades
  9067 | D:7      | Reached skill level 10 in Stealth
  9377 | D:7      | Reached skill level 5 in Evocations
  9715 | D:9      | Found a staircase to the Lair.
  9796 | D:9      | Reached XP level 11. HP: 73/75 MP: 14/14
  9948 | D:9      | Found Rezuw's Antique Weapon Shoppe.
 10034 | D:9      | Reached * piety under Ashenzari
 10108 | D:9      | Found a runed translucent gate.
 10108 | D:9      | Found a runed translucent gate.
 10108 | D:9      | Found a runed translucent gate.
 10112 | D:9      | Noticed Maksi666's ghost (journeyman MiBe)
 10113 | D:9      | Identified the +5 war axe of Zin's Benevolence {drain, +Inv
                  | rC++}
 10113 | D:9      | Noticed a ten-headed hydra
 10113 | D:9      | Noticed an 11-headed hydra
 10521 | D:9      | Identified the +6 hunting sling of Equivalence {venom, rC+
                  | Str+2 Stlth+}
 10609 | D:9      | Reached skill level 10 in Dodging
 11041 | D:4      | Bought an encrusted ring mail for 198 gold pieces
 11052 | D:4      | Identified the cursed +0 ring mail of Hopscotch {rC++ MP+9
                  | Str+6} (You bought it in a shop on level 4 of the Dungeon)
 11223 | D:10     | Entered Level 10 of the Dungeon
 11574 | D:10     | Reached ** piety under Ashenzari
 11745 | D:10     | Noticed a four-headed hydra
 11752 | D:10     | Killed a four-headed hydra
 11973 | D:10     | Reached skill level 5 in Shields
 12111 | D:11     | Found a gate to the Vaults.
 12111 | D:11     | Found a transporter.
 12111 | D:11     | Noticed a +4 long sword
 12111 | D:11     | Noticed Morbidden's ghost (journeyman FrAc)
 12111 | D:11     | Noticed an ogre mage
 12111 | D:11     | Noticed a two-headed ogre
 12111 | D:11     | Noticed a two-headed ogre
 12111 | D:11     | Noticed a two-headed ogre
 12127 | D:10     | Killed a two-headed ogre
 12186 | D:11     | Noticed a two-headed ogre
 12188 | D:11     | Noticed a +5 long sword
 12218 | D:11     | Killed a two-headed ogre
 12235 | D:11     | Noticed a necromancer
 12237 | D:11     | Noticed a manticore
 12444 | D:11     | Killed a manticore
 12445 | D:11     | Reached XP level 12. HP: 32/81 MP: 17/17
 12608 | D:10     | Killed a +4 long sword
 12766 | D:11     | Learned a level 3 spell: Confuse
 12821 | D:11     | Killed a two-headed ogre
 12836 | D:11     | Killed a two-headed ogre
 12837 | D:11     | Reached skill level 1 in Hexes
 13105 | D:11     | Found a transporter.
 13117 | D:11     | Noticed a catoblepas
 13172 | D:11     | Killed a catoblepas
 13176 | D:11     | HP: 1/81 [ogre mage/poison arrow (24)]
 13177 | D:11     | Succumbed to an ogre mage's poison arrow

Skill      XL: |  1  2  3  4  5  6  7  8  9 10 11 12 |
---------------+-------------------------------------+-----
Stealth        | 1 2 3 4 5 7 8 10 11 12 | 12.3
Dodging        | 4 5 6 7 8 9 10 11 | 11.2
Fighting       | 4 5 6 7 |  7.1
Short Blades   | 5 6 7 9 10 11 12 | 12.1
Armour         | 1 3 4 |  4.3
Evocations     | 2 5 7 8 |  8.2
Shields        | 3 5 6 |  6.0
Hexes          | 1 |  1.9
Throwing       | |  2.6

Action                   |  1- 3 |  4- 6 |  7- 9 | 10-12 || total
-------------------------+-------+-------+-------+-------++-------
Melee: Rapier            |    55 |   167 |   427 |       ||   649
       Kick              |    10 |    52 |    10 |       ||    72
       Dagger            |       |       |    94 |   763 ||   857
Throw: Throwing net      |       |       |     2 |       ||     2
Invok: Curse Item        |       |       |       |     2 ||     2
Evoke: Wand              |       |       |     4 |     4 ||     8
       Lamp of fire      |       |       |       |     1 ||     1
  Use: Scroll            |       |     4 |     8 |    13 ||    25
       Potion            |       |     1 |     2 |     2 ||     5
 Stab: Sleeping          |     1 |    10 |     8 |    21 ||    40
       Held in net/web   |       |       |     1 |       ||     1
       Distracted        |       |       |       |     2 ||     2
  Eat: Chunk             |     1 |    12 |    28 |    23 ||    64
       Ration            |       |       |       |     2 ||     2
Armor: Leather armour    |     5 |    22 |   117 |    44 ||   188
       Ring mail         |       |       |       |    42 ||    42
Dodge: Dodged            |    40 |   142 |   415 |   486 ||  1083
Block: Buckler           |       |       |       |   132 ||   132
